 Dungeon Crawl Stone Soup version 0.25-a0-105-g2289b3b (webtiles) character file.

Game seed: 17441416933164093139, levelgen mode: deterministic

42 Auros the Bolt Thrower (level 3, 0/28 HPs)
             Began as a Formicid Hunter on Nov 16, 2019.
             Slain by a jackal (2 damage)
             ... on level 1 of the Dungeon.
             The game lasted 00:06:58 (1507 turns).

Auros the Bolt Thrower (Formicid Hunter)            Turns: 1507, Time: 00:06:59

Health: 0/28       AC:  3    Str: 16    XL:     3   Next: 80%
Magic:  3/3        EV: 12    Int: 10    God:
Gold:   37         SH:  0    Dex: 12    Spells: 2/2 levels left

rFire    . . .     SeeInvis +   b - +0 short sword
rCold    . . .     Gourm    .   (no shield)
rNeg     . . .     Faith    .   c - +0 leather armour
rPois    .         Spirit   .   (helmet unavailable)
rElec    .         Reflect  .   (no cloak)
rCorr    .         Harm     .   (no gloves)
MR       .....                  (no boots)
Stlth    ++........             (no amulet)
HPRegen  0.09/turn              (no ring)
MPRegen  0.08/turn              (no ring)

@: no status effects
A: permanent stasis, dig shafts and tunnels, four strong arms, antennae 3
a: Dig, Shaft Self


You were on level 1 of the Dungeon.
You were not hungry.

You visited 1 branch of the dungeon, and saw 2 of its levels.

You collected 37 gold pieces.

Inventory:

Hand Weapons
 a - a +1 hand crossbow
 b - a +0 short sword (weapon)
Missiles
 d - 18 bolts
Armour
 c - a +0 leather armour (worn)
Scrolls
 e - a scroll of identify {unknown}
 g - a scroll of enchant armour {unknown}
 j - a scroll of blinking {unknown}
Potions
 h - 2 potions of agility {unknown}
 i - a potion of degeneration {unknown}
 k - a potion of flight {unknown}
Comestibles
 f - 2 rations


   Skills:
 + Level 2.3 Fighting
 + Level 0.7 Short Blades
 + Level 4.6 Crossbows
 + Level 1.1 Armour
 - Level 1.7 Dodging
 + Level 1.8 Stealth


You had 2 spell levels left.
You didn't know any spells.
Your spell library was empty.

Dungeon Overview and Level Annotations

Branches:
Dungeon (2/15)

Altars:


Innate Abilities, Weirdness & Mutations

You cannot be hasted, slowed, berserked, paralysed or teleported.
You can dig through walls and to a lower floor.
Your four strong arms can wield two-handed weapons with a shield.
You have a pair of large antennae on your head. (SInv)


Message History

You hit the jackal.
The jackal is severely wounded.
The jackal bites you but does no damage.
You hit the jackal but do no damage.
The jackal is severely wounded.
The jackal bites you.
* * * LOW HITPOINT WARNING * * *
The jackal barely misses you.
You closely miss the jackal.
The jackal is severely wounded.
The jackal barely misses you.
You miss the jackal.
The jackal is severely wounded.
The jackal bites you.
* * * LOW HITPOINT WARNING * * *
The jackal barely misses you.
You hit the jackal but do no damage.
The jackal is heavily wounded.
The jackal barely misses you. The jackal bites you.
You die...

....######..##.# #.......# #.
##### ##.##.# #.......# #. #..#.#
#.......# #. ##.#.# #.......# #.
############.#.# #.......# #.
....##....##.#.# #.......# #.
###.##....##...# #.......######.
#.##....###..####..............
#.##....# #.>h@.'......########
#.##....#########.............#
#..'....+........#'#'####......
####.)..#####..#.#.#.#......#.#
####....#####..#.#.#.#...)[.#..
###..'....'...#..#.#.#.#.####.###
..#.##....###.####.#.#.#....#.#
#.#.##....# #......#.#...##.#.#
#.#.##....##########.###.##.#.#


You could see a jackal.

Vanquished Creatures
  4 dart slugs (D:1)
  A leopard gecko (D:1)
  A bat (D:1)
  2 giant cockroaches (D:1)
  4 goblins
  3 hobgoblins (D:1)
  6 jackals
  4 kobolds (D:1)
  A quokka (D:2)
  A frilled lizard (D:2)
  3 rats (D:1)
30 creatures vanquished.

Notes
Turn   | Place    | Note
-------+----------+-------------------------------------------
     0 | D:1      | Auros the Formicid Hunter began the quest for the Orb.
     0 | D:1      | Reached XP level 1. HP: 16/16 MP: 1/1
   155 | D:1      | Reached XP level 2. HP: 22/22 MP: 2/2
   689 | D:1      | Reached XP level 3. HP: 27/27 MP: 3/3
  1477 | D:2      | Reached skill level 1 in Armour
  1507 | D:1      | Slain by a jackal

Levels and vault maps discovered:
D:1:      minmay_arrival_arboretum_small, layout_basic
D:2:      layout_rooms, overflow_temple_1_default, grunt_temple_overflow_open,
          minivault_23, uniq_terence

Skill      XL: |  1  2  3 |
---------------+----------+-----
Armour         | 1 |  1.1
Fighting       | |  2.3
Short Blades   | |  0.7
Crossbows      | |  4.6
Dodging        | |  1.7
Stealth        | |  1.8

Action                   || total
-------------------------++-------
Melee: Short sword       ||   108
 Fire: Hand crossbow     ||    12
 Stab: Sleeping          ||     1
       Distracted        ||     1
  Eat: Chunk             ||     2
Armor: Leather armour    ||    37
Dodge: Dodged            ||    74

Table legend:
 A = Non-vault XP
 B = Vault XP
 C = Vault XP percentage of total XP
 D = Non-vault monster count
 E = Vault monster count
 F = Vault count percentage of total count
                 A         B        C        D         E       F
            +---------+---------+-------+---------+---------+-------
      Total |      61 |       0 |   0.0 |      30 |       0 |   0.0
            +---------+---------+-------+---------+---------+-------
        D:1 |      54 |       0 |   0.0 |      26 |       0 |   0.0
        D:2 |       7 |       0 |   0.0 |       4 |       0 |   0.0
            +---------+---------+-------+---------+---------+-------
